 Dungeon Crawl Stone Soup version 0.17.1-1-g73c8601 (webtiles) character file.

190399 Andry07 the Peltast (level 18, 0/96 HPs)
             Began as a Vine Stalker Fighter on Dec 28, 2015.
             Was the Champion of the Shining One.
             Slain by a greater naga (8 damage)
             ... on level 4 of the Snake Pit.
             The game lasted 03:21:43 (28034 turns).

Andry07 the Peltast (Vine Stalker Fighter)         Turns: 28034, Time: 03:21:44

Health: 0/96       AC: 30    Str: 33    XL:     18   Next: 16%
Magic:  0/36       EV:  7    Int: 12    God:    the Shining One [******]
Gold:   2317       SH: 16    Dex: 19    Spells: 1 memorised, 16 levels left

rFire  . . .     SeeInvis .     O - +3 falchion of Dureesao {flame, +Fly rElec Str+2}
rCold  + + .     Clarity  .     N - +0 plate armour of Contentment {rElec rF+ Dex+4}
rNeg   + + +     SustAt   +     c - +0 shield
rPois  +         Gourm    .     n - +1 helmet
rElec  +         Spirit   +     (no cloak)
rCorr  .         Warding  .     K - +2 pair of gloves
rMut   .         Stasis   .     a - +2 pair of boots {Fly}
MR     ++...                    J - amulet "Houceet" {rF- Regen+ MP+9 Str+3 Int+4}
Stlth  ..........               x - ring of poison resistance
                                v - ring of sustain attributes

@: lethally poisoned (0 -> -1), about to teleport, flying, glowing, constricted,
very resistant to hostile enchantments, extremely unstealthy
A: fangs 3, repulsion field 1, slimy green scales 1, thin metallic scales 1,
cold resistance 2, deterioration 2, regeneration 3, strong 1, magic shield,
antimagic bite, no device heal 3, rot immunity
a: Divine Shield, Cleansing Flame, Summon Divine Warrior, Brand Weapon With Holy
Wrath, Renounce Religion, Stop Flying
}: 1/15 runes: decaying


You were on level 4 of the Snake Pit.
You worshipped the Shining One.
The Shining One was exalted by your worship.
You were not hungry.

You visited 5 branches of the dungeon, and saw 27 of its levels.
You also visited: Labyrinth, Ice Cave and Volcano.

You collected 2443 gold pieces.
You spent 126 gold pieces at shops.

Inventory:

Hand Weapons
 r - a +2 long sword of holy wrath
 O - the +3 falchion of Dureesao (weapon) {flame, +Fly rElec Str+2}
   (You found it on level 9 of the Dungeon)

   It has been specially enchanted to burn those struck by it, causing extra
   injury to most foes and up to half again as much damage against particularly
   susceptible opponents.
   Big, fiery blades are also staple armaments of hydra-hunters.
   It affects your strength (+2).
   It insulates you from electricity.
   It lets you fly.
 Z - a +2 morningstar of flaming
Missiles
 T - 10 tomahawks (quivered)
Armour
 a - a +2 pair of boots of flying (worn)
 c - a +0 shield (worn)
 n - a +1 helmet (worn)
 K - a +2 pair of gloves (worn)
 N - the +0 plate armour of Contentment (worn) {rElec rF+ Dex+4}
   (You found it on level 7 of the Dungeon)

   It affects your dexterity (+4).
   It protects you from fire.
   It insulates you from electricity.
Jewellery
 b - the amulet "Hyuryggu" {Stasis rElec rPois rN+ Str-2}
   (You found it on level 8 of the Lair of Beasts)

   [amulet of stasis]

   It prevents you from being teleported, slowed, hasted or paralysed.
   It affects your strength (-2).
   It insulates you from electricity.
   It protects you from poison.
   It protects you from negative energy.
 v - a ring of sustain attributes (left hand)
 x - a ring of poison resistance (right hand)
 J - the amulet "Houceet" (around neck) {rF- Regen+ MP+9 Str+3 Int+4}
   (You found it on level 7 of the Dungeon)

   [amulet of regeneration]

   It affects your strength (+3).
   It affects your intelligence (+4).
   It makes you vulnerable to fire.
   It affects your magic capacity (+9).
   It increases your rate of regeneration.
Wands
 m - a wand of digging (10)
 E - a wand of fire (8)
 M - a wand of cold (7)
 U - a wand of lightning (7)
 Y - a wand of frost (34)
Scrolls
 f - a scroll of brand weapon
 h - 6 scrolls of amnesia
 j - 13 scrolls of remove curse
 l - 4 scrolls of teleportation
 t - 2 scrolls of enchant weapon
 u - a scroll of silence {unknown}
 C - 5 scrolls of enchant armour
 F - 5 scrolls of recharging
 G - 4 scrolls of magic mapping
 H - 3 scrolls of immolation
 I - a scroll of identify
 Q - 4 scrolls of fear
 V - a scroll of blinking {unknown}
 W - a scroll of fog
 X - 3 scrolls of holy word
Potions
 d - 2 potions of might
 g - 4 potions of haste
 i - 7 potions of curing
 o - 2 potions of ambrosia {unknown}
 q - 2 potions of lignification
 s - 6 potions of resistance
 w - 4 potions of agility
 A - 4 potions of cancellation
 B - 2 potions of berserk rage
 L - 4 potions of brilliance
 P - a potion of cure mutation
 S - 3 potions of invisibility
Books
 y - a book of Beasts

   Spells                             Type                      Level
   a - Summon Butterflies             Summoning                    1
   b - Call Canine Familiar           Summoning                    3
   c - Summon Ice Beast               Ice/Summoning                4
   d - Summon Mana Viper              Hexes/Summoning              5
   e - Summon Hydra                   Summoning                    7
Comestibles
 e - 6 bread rations
 k - 3 royal jellies
 p - 12 meat rations
 z - 20 fruits
 D - 8 beef jerkies
 R - 4 slices of pizza


   Skills:
 - Level 11.0 Fighting
   Level 9.9(12.1) Short Blades
 + Level 11.7(13.0) Long Blades
 - Level 14.0 Armour
 - Level 15.1 Shields
 - Level 11.0 Invocations


You had 16 spell levels left.
You knew the following spells:

 Your Spells              Type           Power        Failure   Level  Hunger
a - Summon Butterflies    Summ           #.......     98%         1    ##.....


Dungeon Overview and Level Annotations

Branches:
Dungeon (10/15)            Temple (1/1) D:6            Lair (8/8) D:10
  Swamp (4/4) Lair:5        Snake (4/4) Lair:6        Slime (0/6) Lair:6
    Orc: D:9-12

Altars:
Ashenzari
Cheibriados
Dithmenos
Elyvilon
Fedhas
Gozag
Kikubaaqudgha
Makhleb
Nemelex Xobeh
Okawaru
Qazlal
Ru
Sif Muna
Trog
Vehumet
Xom
Yredelemnul
Zin
The Shining One
Jiyva

Shops:
D:4 (   D:10 *:(   Snake:1 (

Annotations:
Lair:4 exclusion: oklob plant
Lair:7 exclusion: ice statue
Snake:3 Zex's ghost, adept MiFi


Innate Abilities, Weirdness & Mutations

You have razor-sharp teeth.
You regenerate.
When hurt, damage is shared between your health and your magic reserves.
Your bite disrupts and absorbs the magic of your enemies.
Potions and wands cannot restore your health.
You are immune to rotting.
You are surrounded by a mild repulsion field (EV +2).
You are partially covered in slimy green scales (AC +2).
You are partially covered in thin metallic scales (AC +2).
Your flesh is very cold resistant.
Your body often deteriorates upon taking damage.
Your muscles are strong. (Str +2)


Message History

The greater naga barely misses you. The greater naga grabs you.
The greater naga constricts you. You block the shock serpent's attack.
You don't have enough magic at the moment.
You barely miss the shock serpent.
You bite the shock serpent, but do no damage.
You feel sick. You block the anaconda's attack.
The greater naga hits you but does no damage.
The greater naga constricts you.
The shock serpent bites you but does no damage.
You slash the shock serpent! You burn the shock serpent.
You bite the shock serpent. You drain its power.
You feel invigorated.
The shock serpent is moderately wounded.
The shock serpent's electric aura discharges!
The lightning shocks you.
* * * LOW HITPOINT WARNING * * *
You feel sick.
The anaconda bites you but does no damage. x2
The greater naga casts a spell.
The greater naga seems to speed up.
The greater naga hits you!
You die...

****** **,,,,*** ,,,,,,,,**
,≈≈≈≈≈≈,,** ≈≈≈≈≈≈≈≈,,*
≈≈≈≈≈≈≈≈≈,** #####
≈≈≈≈≈≈≈≈≈,,*##.S@##
≈≈≈≈≈≈≈≈≈≈,*#..SNS#*
≈≈≈≈≈≈≈≈≈≈,#...NNS.# ###
≈≈≈≈≈≈≈≈≈≈.'.....N.# ##.##
≈≈≈≈≈≈≈≈≈§.#..NS...# #...#
≈≈≈≈≈≈≈≈≈.,##N....#####
#...#
≈≈≈≈≈≈≈≈≈,*#'#...##...#
#...#
,≈≈≈≈≈≈≈,,#..§#####'#.#
##.##
,≈≈≈≈≈≈,,*#...#§≈≈))#.####.#


You could see 2 greater nagas, 2 naga sharpshooters, 2 anacondas, a shock
serpent, a mana viper, a guardian serpent, a naga mage and a naga.

Vanquished Creatures
  Jorgrun (Swamp:2)
  2 thorn hunters
  5 greater nagas
  2 very ugly things
  3 fire dragons (Swamp:4)
  A minotaur (Lab)
  11 naga warriors
  2 ghost crabs
  4 catoblepae
  Erica (D:7)
  14 anacondas
  The ghost of SirMumm the Thaumaturge, a journeyman DEWz of Vehumet (Lair:5)
  20 death yaks
  15 hydras
  6 alligators
  12 naga sharpshooters
  A spriggan berserker (Swamp:3)
  The ghost of Kloppie the Fighter, a novice MiFi of the Shining One (D:8)
  6 shock serpents
  Nergalle (Lair:2)
  3 salamander mystics (Snake:4)
  4 sea snakes (Snake:3)
  9 swamp dragons
  2 spriggan druids (Swamp:3)
  3 shambling mangroves
  3 hill giants
  5 naga ritualists
  5 lindwurms
  15 mana vipers
  A sphinx skeleton (Volcano)
  4 hornets
  7 salamanders
  2 guardian serpents
  12 naga magi
  29 black mambas
  20 spiny frogs
  16 elephants
  A gargoyle (D:10)
  7 komodo dragons
  A guardian mummy (Volcano)
  5 giant leeches
  6 fire drakes
  Grinder (D:5)
  13 slime creatures
  A freezing wraith (Lair:7)
  2 trolls
  A minotaur skeleton (Volcano)
  6 bog bodies
  2 flying skulls (Volcano)
  26 blink frogs
  6 spriggans
  A deep elf mage (D:9)
  2 vampires (Volcano)
  61 yaks
  2 hill giant skeletons (Volcano)
  2 basilisks (Lair:3)
  10 vampire mosquitoes
  A deep elf fighter (D:8)
  43 nagas
  9 hippogriffs
  13 wolves
  5 insubstantial wisps (Swamp:4)
  15 swamp worms
  A mottled dragon (Swamp:4)
  24 water moccasins
  Duvessa (D:7)
  11 swamp drakes
  6 porcupines
  16 wasps
  2 orc warriors
  19 ice beasts
  5 sky beasts
  3 ogres
  2 phantoms
  A black bear (D:10)
  6 centaurs
  A necrophage (D:6)
  14 crocodiles
  21 giant frogs
  A water moccasin zombie (D:7)
  A water moccasin skeleton (D:4)
  Dowan (D:7)
  5 scorpions
  5 killer bees (D:10)
  A troll skeleton (Volcano)
  3 spriggan skeletons (Volcano)
  3 electric eels
  5 wights (D:10)
  4 crimson imps
  A quasit (D:9)
  A centaur zombie (D:10)
  A giant frog zombie (D:5)
  7 orc priests
  4 centaur skeletons
  9 hounds
  9 orc wizards
  A giant frog skeleton (D:8)
  A jelly (D:5)
  5 iguanas
  6 worker ants
  2 sheep (Lair:8)
  2 naga skeletons (Volcano)
  3 mummies (Volcano)
  16 adders
  6 gnolls
  42 river rats
  2 shadow imps
  6 white imps (Lair:7)
  An adder skeleton (D:7)
  An adder zombie (D:9)
  7 worms
  4 giant geckos
  34 orcs
  5 bats
  6 goblins
  4 hobgoblins
  16 jackals
  7 kobolds
  8 quokkas
  4 ball pythons
  6 giant cockroaches
  2 giant gecko skeletons (D:5)
  5 giant newts
  7 rats
  3 briar patches (Swamp:4)
  4 fungi
  A plant (Lair:7)
902 creatures vanquished.

Vanquished Creatures (others)
  An alligator (Swamp:3)
  An insubstantial wisp (Swamp:4)
  2 swamp drakes (Swamp:4)
  2 giant newts (Lair:5)
  5 briar patches (Swamp:4)
  14 fungi
  3 plants
28 creatures vanquished.

Grand Total: 930 creatures vanquished

Notes
Turn   | Place    | Note
--------------------------------------------------------------
     0 | D:1      | Andry07 the Vine Stalker Fighter began the quest for the Orb.
     0 | D:1      | Reached XP level 1. HP: 11/11 MP: 2/2
   318 | D:1      | Reached XP level 2. HP: 14/16 MP: 3/3
   953 | D:2      | Reached skill level 3 in Long Blades
  1040 | D:2      | Reached XP level 3. HP: 11/19 MP: 4/4
  1144 | D:2      | Found a shadowy altar of Dithmenos.
  1297 | D:2      | Reached XP level 4. HP: 23/23 MP: 5/5
  1508 | D:2      | Reached skill level 4 in Long Blades
  1927 | D:3      | Found a white marble altar of Elyvilon.
  2109 | D:3      | Reached XP level 5. HP: 24/27 MP: 3/6
  2207 | D:3      | Noticed a giant frog
  2215 | D:3      | Killed a giant frog
  2290 | D:3      | You fall through a shaft!
  2317 | D:4      | Gained mutation: You heal very quickly. [Vine Stalker growth]
  2317 | D:4      | Reached XP level 6. HP: 30/32 MP: 7/7
  2411 | D:4      | Found an iron altar of Okawaru.
  2440 | D:4      | Noticed a phantom
  2467 | D:4      | Killed a phantom
  2536 | D:4      | Found Oroqom's Weapon Emporium.
  2721 | D:4      | Reached XP level 7. HP: 35/35 MP: 8/8
  2742 | D:4      | Found a sacrificial altar of Ru.
  2820 | D:4      | Noticed a centaur
  2835 | D:4      | Killed a centaur
  2960 | D:5      | Entered Level 5 of the Dungeon
  2973 | D:5      | Reached skill level 5 in Short Blades
  3206 | D:5      | Reached skill level 6 in Short Blades
  3346 | D:5      | Gained mutation: You have razor-sharp teeth. [Vine Stalker growth]
  3346 | D:5      | Reached XP level 8. HP: 27/39 MP: 9/9
  3404 | D:5      | Noticed Grinder
  3482 | D:6      | Found a staircase to the Ecumenical Temple.
  3491 | Temple   | Entered the Ecumenical Temple
  3775 | D:6      | Reached skill level 7 in Short Blades
  4036 | D:6      | Reached skill level 8 in Short Blades
  4341 | D:5      | Killed Grinder
  4341 | D:5      | Reached skill level 9 in Short Blades
  4341 | D:5      | Reached XP level 9. HP: 35/43 MP: 10/10
  4843 | D:6      | Found a glowing golden altar of the Shining One.
  4860 | D:6      | Became a worshipper of the Shining One
  4920 | D:6      | Found a deep blue altar of Sif Muna.
  5144 | D:6      | Found a radiant altar of Vehumet.
  5144 | D:6      | Found a blossoming altar of Fedhas.
  5203 | D:7      | Got a pitted platinum amulet
  5217 | D:7      | Identified the amulet "Houceet" {rF- Regen+ MP+9 Str+3 Int+4} (You found it on level 7 of the Dungeon)
  5329 | D:7      | Got a warped plate armour
  5340 | D:7      | Identified the cursed +0 plate armour of Contentment {rElec rF+ Dex+4} (You found it on level 7 of the Dungeon)
  5407 | D:7      | You fall through a shaft for 2 floors!
  5443 | D:9      | Got a crystal falchion
  5496 | D:9      | Reached skill level 5 in Long Blades
  5502 | D:10     | Entered Level 10 of the Dungeon
  5505 | D:9      | Identified the cursed +3 falchion of Dureesao {flame, +Fly rElec Str+2} (You found it on level 9 of the Dungeon)
  5712 | D:9      | Reached XP level 10. HP: 49/51 MP: 11/11
  5877 | D:7      | Noticed a hill giant
  5886 | D:7      | Killed a hill giant
  5886 | D:7      | Reached skill level 5 in Fighting
  5886 | D:7      | Reached skill level 5 in Shields
  5933 | D:7      | Reached * piety under the Shining One
  6105 | D:7      | Noticed Dowan
  6106 | D:7      | Noticed Duvessa
  6124 | D:7      | Killed Dowan
  6129 | D:7      | Killed Duvessa
  6537 | D:8      | Noticed Erica
  6706 | D:8      | Noticed Kloppie's ghost (novice MiFi)
  6742 | D:7      | Killed Erica
  6789 | D:8      | Killed Kloppie's ghost
  7046 | D:8      | Reached XP level 11. HP: 58/58 MP: 12/12
  7360 | D:9      | Gained mutation: Your body sometimes deteriorates upon taking damage. [mutagenic meat]
  7361 | D:9      | Gained mutation: You are partially covered in slimy green scales (AC +2). [mutagenic meat]
  7362 | D:9      | Gained mutation: Your flesh is cold resistant. [mutagenic meat]
  7363 | D:9      | Gained mutation: Your muscles are strong. (Str +2) [mutagenic meat]
  7364 | D:9      | Gained mutation: Your body often deteriorates upon taking damage. [mutagenic meat]
  7452 | D:9      | Reached ** piety under the Shining One
  7915 | D:10     | Found Hoiraic's Weapon Boutique.
  8034 | D:10     | Found a staircase to the Lair.
  8079 | D:10     | Noticed a gargoyle
  8091 | D:10     | Killed a gargoyle
  8391 | D:10     | Found Wiruwar's Book Shoppe.
  8431 | D:10     | Noticed a hill giant
  8438 | D:10     | Killed a hill giant
  8732 | D:10     | Found Faixken's General Store.
  8735 | D:10     | Bought a scroll of identify for 28 gold pieces
  8735 | D:10     | Bought a scroll of fog for 28 gold pieces
  8735 | D:10     | Bought a scroll of remove curse for 42 gold pieces
  8735 | D:10     | Bought a scroll of identify for 28 gold pieces
  8818 | D:10     | Noticed a hill giant
  8826 | D:10     | Killed a hill giant
  8912 | Lair:1   | Entered Level 1 of the Lair of Beasts
  8928 | Lair:1   | Reached *** piety under the Shining One
  9173 | Lair:1   | Noticed an eight-headed hydra
  9183 | Lair:1   | Killed a four-headed hydra
  9183 | Lair:1   | Gained mutation: You regenerate. [Vine Stalker growth]
  9183 | Lair:1   | Reached XP level 12. HP: 37/67 MP: 13/13
  9219 | Lair:1   | Noticed an eight-headed hydra
  9228 | Lair:1   | Killed a four-headed hydra
  9228 | Lair:1   | Reached skill level 10 in Fighting
  9232 | Lair:1   | Reached skill level 10 in Shields
  9730 | Lair:2   | Noticed a seven-headed hydra
  9734 | Lair:2   | Noticed Nergalle
  9736 | Lair:2   | Noticed a spectral orc warlord
  9740 | Lair:2   | Killed a three-headed hydra
  9748 | Lair:2   | Killed Nergalle
 10006 | Lair:2   | Found a glowing golden altar of the Shining One.
 10214 | Lair:2   | Found a dark tunnel.
 10219 | Volcano  | Entered a volcano
 10290 | Volcano  | Reached skill level 11 in Fighting
 10314 | Volcano  | Reached **** piety under the Shining One
 10723 | Lair:2   | Reached ***** piety under the Shining One
 10787 | Lair:2   | Reached XP level 13. HP: 46/74 MP: 14/14
 11727 | Lair:4   | Reached skill level 5 in Armour
 11763 | Lair:4   | Reached skill level 12 in Shields
 12300 | Lair:4   | Found a frozen archway.
 12337 | IceCv    | Entered an ice cave
 12817 | Lair:5   | Found a labyrinth entrance.
 12817 | Lair:5   | Noticed SirMumm's ghost (journeyman DEWz)
 12847 | Lair:5   | Killed SirMumm's ghost
 12982 | Lab      | Entered a labyrinth
 13612 | Lab      | Noticed a minotaur
 13621 | Lab      | Killed a minotaur
 13642 | Lair:5   | Found a staircase to the Swamp.
 14002 | Lair:5   | Gained mutation: Your flesh is very cold resistant. [potion of beneficial mutation]
 14003 | Lair:5   | Gained mutation: You evolve. [potion of beneficial mutation]
 14056 | Lair:5   | Reached skill level 13 in Shields
 14536 | Lair:6   | Found a staircase to the Snake Pit.
 14634 | Lair:6   | Found a viscous altar of Jiyva.
 14634 | Lair:6   | Found a staircase to the Slime Pits.
 14832 | Lair:6   | Reached XP level 14. HP: 79/79 MP: 15/15
 16176 | Lair:7   | Reached skill level 10 in Armour
 16228 | Lair:8   | Entered Level 8 of the Lair of Beasts
 17439 | Lair:8   | Gained mutation: You are partially covered in thin metallic scales (AC +2). [potion of beneficial mutation]
 17597 | Lair:8   | Got a warped bronze amulet
 17599 | Lair:8   | Identified the amulet "Hyuryggu" {Stasis rElec rPois rN+ Str-2} (You found it on level 8 of the Lair of Beasts)
 17912 | Lair:8   | Learned a level 1 spell: Summon Butterflies
 18001 | Lair:8   | HP: 2/79 [death yak (3)]
 18058 | Lair:8   | Reached XP level 15. HP: 43/82 MP: 16/16
 18727 | Swamp:1  | Entered Level 1 of the Swamp
 18921 | Swamp:1  | Got a warped chain mail
 18949 | Swamp:1  | Identified the cursed +1 chain mail of the Orb {rElec rF+ rC+} (You found it on level 1 of the Swamp)
 19015 | Swamp:1  | Reached ****** piety under the Shining One
 19198 | Swamp:1  | Got a faintly glowing pewter ring
 19200 | Swamp:1  | Identified the ring of Xumocy {*Corrode +Fly MP+9 Str+2 Stlth+} (You found it on level 1 of the Swamp)
 19475 | Swamp:2  | Paralysed by a wasp for 2 turns
 19539 | Swamp:2  | Noticed Jorgrun
 19559 | Swamp:2  | Killed Jorgrun
 20161 | Swamp:2  | Paralysed by a hornet for 2 turns
 20444 | Swamp:3  | Paralysed by a hornet for 4 turns
 20450 | Swamp:3  | Paralysed by a hornet for 4 turns
 20666 | Swamp:3  | Reached skill level 14 in Armour
 20722 | Swamp:4  | Entered Level 4 of the Swamp
 20839 | Swamp:3  | Reached skill level 1 in Invocations
 21283 | Swamp:3  | Noticed a thorn hunter
 21303 | Swamp:3  | Killed a thorn hunter
 21540 | Swamp:3  | Reached skill level 5 in Invocations
 21612 | Swamp:3  | Reached XP level 16. HP: 79/87 MP: 21/21
 22078 | Swamp:4  | Noticed a thorn hunter
 22560 | Swamp:4  | Killed a thorn hunter
 22681 | Swamp:4  | Gained mutation: You are surrounded by a mild repulsion field (EV +2). [evolution]
 22681 | Swamp:4  | Lost mutation: You evolve. [end of evolution]
 22869 | Swamp:4  | Reached skill level 10 in Invocations
 23035 | Swamp:4  | Got a decaying rune of Zot
 23235 | Snake:1  | Entered Level 1 of the Snake Pit
 23372 | Snake:1  | Found Wegak's Weapon Shop.
 24258 | Snake:2  | Reached XP level 17. HP: 21/91 MP: 6/26
 24370 | Snake:2  | Found a glowing silver altar of Zin.
 24543 | Snake:2  | Reached skill level 15 in Shields
 24976 | Snake:4  | Entered Level 4 of the Snake Pit
 26014 | Snake:3  | Noticed Zex's ghost (adept MiFi)
 26677 | Snake:2  | Found a radiant altar of Vehumet.
 27335 | Snake:4  | Reached skill level 10 in Long Blades
 27648 | Snake:4  | Found a blossoming altar of Fedhas.
 27746 | Snake:4  | Reached XP level 18. HP: 96/96 MP: 27/27
 28034 | Snake:4  | Slain by a greater naga

Action                   |  1- 3 |  4- 6 |  7- 9 | 10-12 | 13-15 | 16-18 || total
-------------------------+-------+-------+-------+-------+-------+-------++-------
Melee: Long sword        |   128 |    79 |       |       |       |       ||   207
       Short sword       |       |    74 |   329 |       |       |       ||   403
       Dagger            |       |       |    44 |       |       |       ||    44
       Falchion          |       |       |    42 |   722 |  1474 |  1401 ||  3639
Throw: Tomahawk          |       |       |       |     1 |    16 |    18 ||    35
Invok: Divine Shield     |       |       |       |       |     1 |       ||     1
       Cleansing Flame   |       |       |       |       |       |     2 ||     2
       Summon Divine War |       |       |       |       |       |     1 ||     1
 Abil: Evoke Flight      |       |       |       |       |     4 |       ||     4
Evoke: Wand              |       |       |       |       |     3 |     1 ||     4
  Use: Scroll            |       |       |     6 |     5 |    20 |     8 ||    39
       Potion            |       |       |       |     1 |     7 |     3 ||    11
 Stab: Distracted        |       |       |       |       |       |     1 ||     1
  Eat: Chunk             |     1 |     4 |     4 |    19 |    24 |    23 ||    75
       Bread ration      |       |       |     2 |       |     3 |     2 ||     7
       Beef jerky        |       |       |       |     1 |       |     1 ||     2
       Fruit             |       |       |       |     1 |    11 |    12 ||    24
